 Dungeon Crawl Stone Soup version 0.30-a0-557-ge2afbf3030 (webtiles) character file.

Game seed: 17720361805257307686

59473 billz999 the Blocker (level 15, -2/82 HPs)
             Began as a Djinni Ice Elementalist on Dec 27, 2022.
             Was the Champion of Makhleb.
             Collided with an ice beast (22 damage)
             ... caused by a wretched star
             ... on level 2 of the Abyss.
             The game lasted 01:15:06 (17724 turns).

billz999 the Blocker (Djinni Ice Elementalist)     Turns: 17724, Time: 01:15:07

Health: -2/82      AC:  8    Str:  5    XL:     15   Next: 34%
Gold:   1075       EV: 12    Int: 36    God:    Makhleb [******] SH:  8 Dex: 16

rFire   + + +      SeeInvis +    G - +11 hand axe of Uceecog {drain, rC+ rCorr Str-2 SInv}
rCold   + . .      Faith    .    y - +0 buckler
rNeg    + . .      Spirit   .    a - +0 robe
rPois   ∞          Reflect  .    H - +0 helmet
rElec   +          Harm     .    K - +0 cloak
rCorr   +          Rampage  .    A - +0 pair of gloves "Otwiut" {rF+ Regen+ Stlth+}
Will    +....                    (boots unavailable)
Stlth   +++                      (no amulet)
HPRegen 1.13/turn                L - +6 ring of intelligence
MPRegen 0.00/turn                P - ring "Sir Omumn" {*Slow rElec rN+ rCorr Int+8}

@: resistant (expiring), flying
A: sickness immunity, fire resistance 2, cold vulnerability 1, float, innate
caster, HP casting, extra vitality 1, devolution 1, [frail 2]
a: Renounce Religion, Minor Destruction, Lesser Servant of Makhleb, Major
Destruction, Greater Servant of Makhleb


You were on level 2 of the Abyss.
You worshipped Makhleb.
Makhleb was exalted by your worship.
You visited 3 branches of the dungeon, and saw 15 of its levels.
You visited the Abyss 1 time.
You also visited: Bailey.

You collected 1179 gold pieces.
You spent 104 gold pieces at shops.

Inventory:

Hand Weapons
 e - a +0 vampiric dagger
 G - the +11 hand axe of Uceecog (weapon) {drain, rC+ rCorr Str-2 SInv}
   (You found it on level 5 of the Dungeon)

   A truly terrible weapon, it drains the life of any living foe it strikes.
   Str:       It affects your strength (-2).
   rC:        It protects you from cold.
   SInv:      It lets you see invisible.
   rCorr:     It protects you from acid and corrosion.
Armour
 a - a +0 robe (worn)
 y - a +0 buckler (worn)
 A - the +0 pair of gloves "Otwiut" (worn) {rF+ Regen+ Stlth+}
   (You found it on level 4 of the Dungeon)

   rF:        It protects you from fire.
   Regen:     It increases your rate of health regeneration.
   Stlth:     It makes you more stealthy.
 H - a +0 helmet (worn)
 K - a +0 cloak (worn)
Jewellery
 s - a ring of fire
 D - a ring of see invisible
 E - a +6 ring of intelligence
 L - a +6 ring of intelligence (left hand)
 P - the ring "Sir Omumn" (right hand) {*Slow rElec rN+ rCorr Int+8}
   (You found it on level 4 of the Lair of Beasts)

   [ring of positive energy]

   Int:       It affects your intelligence (+8).
   rElec:     It insulates you from electricity.
   rN:        It protects you from negative energy.
   rCorr:     It protects you from acid and corrosion.
   *Slow:     It may slow you when you take damage.
Wands
 q - a wand of light (2)
 t - a wand of flame (27)
 I - a wand of charming (9)
 J - a wand of roots (1)
 M - a wand of mindburst (6)
Scrolls
 d - 2 scrolls of amnesia
 f - 3 scrolls of immolation
 j - 10 scrolls of teleportation
 k - 3 scrolls of enchant armour
 n - a scroll of poison
 o - 5 scrolls of enchant weapon
 p - 2 scrolls of fear
 r - a scroll of fog
 x - a scroll of silence
 N - 2 scrolls of identify
 O - 3 scrolls of magic mapping
Potions
 b - 2 potions of magic
 g - 5 potions of might
 h - 4 potions of degeneration
 i - 3 potions of haste
 m - 4 potions of mutation
 u - 4 potions of brilliance
 v - a potion of invisibility
 w - 4 potions of attraction
 z - 4 potions of flight
 B - 2 potions of berserk rage
 C - 2 potions of resistance
 F - 3 potions of lignification


   Skills:
 - Level 8.2 Fighting
 - Level 14.0 Axes
 + Level 14.6 Armour
 - Level 2.3 Dodging
 - Level 1.6 Stealth
 + Level 14.7 Shields
 - Level 8.6 Spellcasting


You couldn't memorise any spells.
You knew the following spells:

 Your Spells              Type           Power      Damage    Failure   Level
a - Freeze                Ice            100%       1d10      1%          1
b - Frozen Ramparts       Ice            100%       1d16      1%          3
c - Ozocubu's Armour      Ice            67%        N/A       1%          3
d - Summon Ice Beast      Ice/Summ       67%        N/A       1%          4
e - Shock                 Conj/Air       100%       1d9       1%          1
f - Searing Ray           Conj           100%       2d8       1%          2
g - Teleport Other        Tloc           67%        N/A       1%          3
h - Spider Form           Tmut/Pois      67%        N/A       1%          3
i - Anguish               Hex/Necr       33%        N/A       1%          4
j - Blade Hands           Tmut           33%        N/A       2%          5
k - Conjure Ball Lightni  Conj/Air       33%        3x3d11    13%         6
Your spell library was empty.

Dungeon Overview and Level Annotations

Branches:
Dungeon (9/15)             Temple (1/1) D:5            Lair (5/5) D:9
 Shoals (0/4) Lair:2        Snake (0/4) Lair:3        Slime (0/5) Lair:5
 Bailey (visited)
    Orc: D:9-12

Altars:
Ashenzari
Cheibriados
Elyvilon
Hepliaklqana
Makhleb
Nemelex Xobeh
Trog
Uskayaw
Xom
Jiyva

Shops:
D:1 (   D:3 !


Innate Abilities, Weirdness & Mutations

You are immune to sickness and miasma.
You are immune to poison.
Your flesh is very heat resistant. (rF++)
You are vulnerable to cold. (rC-)
You float through the air rather than walking.
You learn spells naturally, not from books.
Your magical power is your life essence.
You have superior vitality. (+4 MHP)
You have hidden genetic defects.
[You are very frail. (-20% HP)]


Message History

Casting: Frozen Ramparts (safe; 1% risk of failure)
Press: ? - help, Dir - look around, f - activate The walls around you are covered in ice.
You start to feel less resistant.
You hit the wretched star.
The wretched star is lightly damaged.
The wretched star completely resists.
The wall freezes the wretched star but does no damage.
You barely miss the wretched star. You slash the wretched star!
The wretched star is lightly damaged.
The wretched star resists.
The wall freezes the wretched star.
The wretched star glows turbulently.
The lance of force hits you!!
The frozen ramparts melt away as you move.
You are knocked back by the lance of force.
Unknown command.
Casting: Frozen Ramparts (safe; 1% risk of failure)
Confirm with . or Enter, or press ? or * to list all spells.
Aiming: Shock (safe; 1% risk of failure)
Press: ? - help, Shift-Dir - straight line The zap hits the wretched star.
The wretched star resists.
The wretched star is moderately damaged.
The zap hits the wretched star.
The wretched star completely resists.
The wretched star is moderately damaged.
Casting: Shock (safe; 1% risk of failure)
Confirm with . or Enter, or press ? or * to list all spells.
Okay, then.
Your ice beast hits the wretched star but does no damage.
The wretched star glows turbulently.
The lance of force hits your ice beast!
Your ice beast is knocked back by the lance of force.
Your ice beast collides with you!
* * * LOW HITPOINT WARNING * * *
Your ice beast is heavily wounded.
The wretched star glows turbulently.
The lance of force hits your ice beast!
Your ice beast is knocked back by the lance of force.
Your ice beast collides with you!
You die...

.... ..# ...#
####.. ##.#*#
#..# .
##......#
...####.Y#..#
.#
.......@.†.##
...#
.#..#.#...##
.#. .. #.###
. ..# #.#. #
.. ..# . #
... .. .## .#
.. ..


You could see a wretched star (ally target) and a friendly ice beast (summoned).

Vanquished Creatures
  A tentacled starspawn (Abyss:2)
  Gastronok (Lair:1)
  An ice dragon (shapeshifter) (Lair:5)
  2 catoblepae
  2 boulder beetles
  8 death yaks
  2 thrashing horrors (Lair:5)
  Urug (Lair:3)
  2 lindwurms
  Pikel (D:4)
  An ugly thing (Lair:5)
  14 elephants
  A shining eye (Abyss:2)
  A smoke demon (Lair:5)
  An apocalypse crab (Abyss:2)
  2 black mambas
  Joseph (D:7)
  4 komodo dragons
  9 cane toads
  3 rime drakes
  A torpor snail (Lair:5)
  A troll (D:9)
  4 ancient zymes
  2 polar bears
  14 blink frogs
  A hornet (D:8)
  15 dream sheep
  3 raiju (Abyss:2)
  A large abomination (Lair:5)
  A spriggan (Lair:5)
  26 yaks
  A ynoxinul (Lair:5)
  3 wyverns
  Eustachio (D:4)
  A neqoxec (Abyss:2)
  A wyvern (shapeshifter) (Lair:5)
  A steam dragon (D:7)
  4 basilisks
  A chaos spawn (Lair:5)
  3 nagas (Lair:3)
  5 water moccasins
  7 orc warriors
  A black bear (D:6)
  3 ogres
  19 wolves
  11 centaurs
  A lemure (D:3)
  A kobold brigand (D:7)
  A gnoll sergeant (D:8)
  3 scorpions
  5 bullfrogs
  A wight (D:9)
  Dowan (D:5)
  5 killer bees (D:8)
  An electric eel (Lair:2)
  13 small abominations
  A quasit (Abyss:2)
  4 hounds
  2 orc priests (D:6)
  2 gnoll boudas
  5 jellies
  3 iguanas
  2 hell rats (Lair:1)
  6 orc wizards
  16 gnolls
  4 adders
  7 river rats (Lair:1)
  3 white imps
  2 worms (D:2)
  2 dart slugs
  49 orcs
  4 ball pythons
  4 endoplasms
  14 giant cockroaches
  7 goblins
  5 hobgoblins
  4 jackals (D:3)
  3 bats
  11 kobolds
  4 rats
  3 starspawn tentacles (Abyss:2)
388 creatures vanquished.

Vanquished Creatures (collateral kills)
  A hydra (Lair:2)
  A catoblepas (Lair:4)
  2 boulder beetles
  3 death yaks
  3 elephants
  A smoke demon (Lair:5)
  A black mamba (Lair:5)
  Maggie (D:7)
  A torpor snail (Lair:2)
  4 komodo dragons
  A rime drake (Lair:1)
  4 blink frogs
  2 dream sheep
  3 wyverns
  7 yaks
  A wraith (D:9)
  3 basilisks
  5 water moccasins
  An ice beast (D:6)
  Duvessa (D:5)
  3 orc warriors (Bailey)
  2 centaurs
  2 wolves
  2 ogres
  5 bullfrogs
  A small abomination (Lair:5)
  2 scorpions
  A killer bee (D:8)
  An orc wizard (D:8)
  4 gnolls
  An adder (D:6)
  2 river rats (Lair:1)
  A dart slug (D:4)
  11 orcs
  2 hobgoblins (D:4)
  3 ball lightnings
89 creatures vanquished.

Vanquished Creatures (others)
  2 hydras
  An elephant (Lair:5)
  2 yaks
  An electric eel (Lair:2)
  38 ball lightnings
  2 bushes
  32 fungi
  56 plants
  4 starspawn tentacles (Abyss:2)
  8 toadstools (Lair:2)
146 creatures vanquished.

Grand Total: 623 creatures vanquished

Notes
Turn   | Place    | Note
-------+----------+-------------------------------------------
     0 | D:1      | billz999 the Djinni Ice Elementalist began the quest for
                  | the Orb.
     0 | D:1      | billz999 set off with the following spells memorised:
                  | Freeze, Frozen Ramparts, Ozocubu's Armour, Summon Ice
                  | Beast.
     0 | D:1      | Reached XP level 1. HP: 15/15 MP: 0/0
   155 | D:1      | Reached XP level 2. HP: 12/21 MP: 0/0
   609 | D:1      | Found Esub's Weapon Emporium.
  1068 | D:2      | Reached XP level 3. HP: 10/25 MP: 0/0
  1068 | D:2      | Learned a level 1 spell: Shock
  1738 | D:3      | Reached XP level 4. HP: 27/31 MP: 0/0
  2548 | D:3      | Found Ropoj's Distillery.
  2554 | D:3      | Bought a potion of heal wounds for 65 gold pieces
  2554 | D:3      | Bought a potion of curing for 39 gold pieces
  2587 | D:3      | Reached XP level 5. HP: 21/35 MP: 0/0
  2587 | D:3      | Learned a level 2 spell: Searing Ray
  2952 | D:4      | Noticed a lemure
  2987 | D:3      | Killed a lemure
  3116 | D:4      | Reached skill level 5 in Spellcasting
  3170 | D:4      | Noticed Eustachio
  3186 | D:4      | Killed Eustachio
  3187 | D:4      | Reached XP level 6. HP: 20/40 MP: 0/0
  3276 | D:4      | Noticed an ogre
  3284 | D:4      | Killed an ogre
  3285 | D:4      | Reached XP level 7. HP: 37/46 MP: 0/0
  3285 | D:4      | Learned a level 3 spell: Teleport Other
  3362 | D:4      | Noticed Pikel
  3375 | D:4      | Killed Pikel
  3376 | D:4      | Reached skill level 5 in Fighting
  3376 | D:4      | Reached XP level 8. HP: 7/59 MP: 0/0
  3670 | D:4      | Found a white marble altar of Elyvilon.
  3763 | D:4      | Identified the +0 pair of gloves "Otwiut" {rF+ Regen+
                  | Stlth+}
  4490 | D:5      | Entered Level 5 of the Dungeon
  4570 | D:5      | Found a staircase to the Ecumenical Temple.
  4587 | Temple   | Entered the Ecumenical Temple
  4627 | Temple   | Became a worshipper of Makhleb the Destroyer
  4712 | D:5      | Noticed Duvessa
  4725 | D:5      | Noticed Dowan
  4728 | D:5      | Killed Duvessa
  4731 | D:5      | Killed Dowan
  4769 | D:5      | Identified the +11 hand axe of Uceecog {drain, rC+ rCorr
                  | Str-2 SInv}
  4826 | D:5      | Reached skill level 1 in Axes
  4826 | D:5      | Reached XP level 9. HP: 46/69 MP: 0/0
  4826 | D:5      | Learned a level 3 spell: Spider Form
  5620 | D:6      | Reached * piety under Makhleb
  6042 | D:6      | Reached skill level 5 in Axes
  6148 | D:6      | Found a snail-covered altar of Cheibriados.
  6620 | D:7      | Noticed Joseph
  6629 | D:7      | Reached XP level 10. HP: 76/76 MP: 0/0
  6641 | D:7      | Killed Joseph
  6736 | D:7      | Found a bloodstained altar of Trog.
  6862 | D:7      | Noticed Maggie
  6868 | D:7      | Killed Maggie
  7130 | D:7      | Identified the +6 sling of Pride {antimagic, rCorr}
  7515 | D:8      | Reached ** piety under Makhleb
  7797 | D:8      | Found a flagged portal.
  7808 | Bailey   | Entered a bailey
  8714 | Bailey   | Reached skill level 10 in Axes
  8714 | Bailey   | Reached XP level 11. HP: 61/80 MP: 0/0
  8714 | Bailey   | Learned a level 4 spell: Anguish
  9212 | D:9      | Found a staircase to the Lair.
  9537 | D:9      | Reached *** piety under Makhleb
 10318 | Lair:1   | Entered Level 1 of the Lair of Beasts
 10543 | Lair:1   | Reached XP level 12. HP: 84/86 MP: 0/0
 10686 | Lair:1   | You are sucked into a shaft and drop 1 floor!
 10700 | Lair:2   | Reached **** piety under Makhleb
 10872 | Lair:1   | Noticed a death yak
 10879 | Lair:1   | Noticed a death yak
 10879 | Lair:1   | Noticed a death yak
 10882 | Lair:1   | Noticed a death yak
 10884 | Lair:1   | Killed a death yak
 10897 | Lair:1   | Killed a death yak
 10908 | Lair:1   | Killed a death yak
 10911 | Lair:1   | Killed a death yak
 11063 | Lair:1   | Noticed Gastronok
 11086 | Lair:1   | Killed Gastronok
 11559 | Lair:2   | Found a staircase to the Shoals.
 11647 | Lair:2   | Reached skill level 1 in Armour
 11647 | Lair:2   | Reached skill level 1 in Shields
 11851 | Lair:2   | Reached XP level 13. HP: 92/92 MP: 0/0
 11851 | Lair:2   | Learned a level 5 spell: Blade Hands
 12037 | Lair:2   | Noticed a five-headed hydra
 12052 | Lair:2   | Killed an eight-headed hydra
 12053 | Lair:2   | Reached skill level 5 in Armour
 12053 | Lair:2   | Reached skill level 5 in Shields
 12214 | Lair:2   | Noticed a catoblepas
 12237 | Lair:2   | Found a runed translucent door.
 12352 | Lair:2   | Reached ***** piety under Makhleb
 12602 | Lair:2   | Killed a catoblepas
 12977 | Lair:3   | Noticed a catoblepas
 12999 | Lair:3   | Killed a catoblepas
 13256 | Lair:3   | Found a staircase to the Snake Pit.
 13283 | Lair:3   | Noticed Urug
 13347 | Lair:3   | Reached skill level 10 in Armour
 13347 | Lair:3   | Reached skill level 10 in Shields
 13376 | Lair:3   | Killed Urug
 13984 | Lair:4   | Noticed a catoblepas
 14009 | Lair:4   | Killed a catoblepas
 14023 | Lair:4   | Noticed a four-headed hydra
 14032 | Lair:4   | Killed a four-headed hydra
 14088 | Lair:4   | Reached XP level 14. HP: 98/98 MP: 0/0
 14230 | Lair:4   | Identified the ring "Sir Omumn" {*Slow rElec rN+ rCorr
                  | Int+8}
 15005 | Lair:5   | Entered Level 5 of the Lair of Beasts
 15023 | Lair:5   | Found a viscous altar of Jiyva.
 15023 | Lair:5   | Found a staircase to the Slime Pits.
 16838 | Lair:5   | Reached XP level 15. HP: 99/103 MP: 0/0
 16838 | Lair:5   | Learned a level 6 spell: Conjure Ball Lightning
 16904 | Lair:5   | Reached ****** piety under Makhleb
 17497 | Abyss:2  | Cast into level 2 of the Abyss (spriggan)
 17636 | Abyss:2  | Noticed a tentacled starspawn
 17644 | Abyss:2  | Gained mutation: You have hidden genetic defects. [a
                  | shining eye]
 17649 | Abyss:2  | Killed a tentacled starspawn
 17724 | Abyss:2  | Collided with an ice beast

Illustrated notes

Levels and vault maps discovered:
D:1:      reono_arrival_mine, layout_loops_ring, serial_shops,
          nicolae_shop_stone, roderic_lattice_a, minmay_close_crescents
D:2:      layout_loops_ring, chequers_serial_rivers_micro_d
D:3:      minmay_roachtagon, layout_loops_ring, serial_shops,
          nicolae_shop_waterfront
D:4:      layout_layer_cave, elyvilon_altar_5, uniq_eustachio, uniq_pikel
D:5:      layout_loops_ring, minmay_temple_entry_mist, roderic_roman_lattice,
          uniq_duvessa
D:6:      layout_basic, amcnicky_altar_gilded
D:7:      layout_basic, mainiacjoe_overflow_small_starburst,
          nicolae_vehumet_altar_sigil, uniq_maggie, uniq_joseph
D:8:      layout_rooms, enter_bailey_2
D:9:      layout_gridville, minmay_lair_entry_grove, minmay_misc_feat_roman
Temple:   bh_familiar_temple
Lair:1:   layout_long_grid, kennysheep_rathole, uniq_gastronok
Lair:2:   gammafunk_lair_enchanted_lake, layout_small_grid, shoals_dummy_entry
Lair:3:   layout_regular_city, minmay_snake_entry_guardpost_small,
          chequers_serial_rivers_room_a, wad_woods_06,
          infiniplex_staircase_pool_2, uniq_urug
Lair:4:   layout_cave_pods, nicolae_quartered_pool_medium
Lair:5:   hellmonk_lair_end_abyssal_woods, layout_loops_ring, slime_entry_1,
          minmay_stone_trees_small, grunt_megastairs_2
Abyss:2:  base: D:15, hangedman_abyss_sting

Skill      XL: |  1  2  3  4  5  6  7  8  9 10 11 12 13 14 15 |
---------------+----------------------------------------------+-----
Spellcasting   | 4 5 6 7 8 |  8.6
Fighting       | 5 7 8 |  8.2
Axes           | 1 6 10 12 14 | 14.0
Armour         | 2 10 13 14 | 14.6
Shields        | 2 10 13 14 | 14.7
Dodging        | |  2.3
Stealth        | |  1.6

Action                   |  1- 3 |  4- 6 |  7- 9 | 10-12 | 13-15 || total
-------------------------+-------+-------+-------+-------+-------++-------
Melee: Unarmed           |     1 |       |     1 |       |       ||     2
       Dagger            |    19 |     3 |       |       |       ||    22
       Hand axe          |       |       |    40 |   186 |   509 ||   735
       Punch             |       |       |       |     5 |       ||     5
 Cast: Freeze            |    45 |    23 |    20 |     7 |     8 ||   103
       Shock             |       |    64 |   123 |   279 |   264 ||   730
       Frozen Ramparts   |       |     3 |    16 |    38 |    67 ||   124
       Summon Ice Beast  |       |     1 |    11 |    58 |    65 ||   135
       Ozocubu's Armour  |       |       |     3 |     2 |     1 ||     6
       Anguish           |       |       |       |     3 |    28 ||    31
       Conjure Ball Ligh |       |       |       |       |    19 ||    19
Invok: Lesser Servant of |       |       |       |       |     4 ||     4
Evoke: Wand              |       |     1 |       |    10 |    18 ||    29
  Use: Scroll            |     7 |     2 |     4 |     5 |    10 ||    28
       Potion            |       |     1 |     1 |     1 |     9 ||    12
 Stab: Sleeping          |     4 |       |     1 |       |       ||     5
       Distracted        |       |       |     1 |     1 |     1 ||     3
Armor: Robe              |     5 |     7 |     9 |    27 |   116 ||   164
Dodge: Dodged            |    22 |    22 |    42 |   127 |   225 ||   438
Block: Buckler           |       |       |       |       |   137 ||   137

Table legend: (Time is in decaauts)
 A = Elapsed time spent in this place.
 B = Non-inter-level travel time spent in this place.
 C = Inter-level travel time spent in this place.
 D = Time resting spent in this place.
 E = Time spent auto-exploring this place.
 F = Levels seen in this place.
 G = Mean time per level.
                   A        B        C        D        E       F      G
               +--------+--------+--------+--------+--------+-----+--------+
         Total |  17509 |  16400 |   1109 |   3256 |   9905 |  17 | 1029.9 |
       Dungeon |   9231 |   8579 |    652 |   1529 |   5830 |   9 | 1025.7 |
        Temple |     58 |     36 |     22 |      0 |     31 |   1 |   58.0 |
          Lair |   6735 |   6300 |    435 |   1045 |   3621 |   5 | 1347.0 |
         Abyss |    214 |    214 |      0 |     32 |     80 |   1 |  214.0 |
        Bailey |   1268 |   1268 |      0 |    650 |    342 |   1 | 1268.0 |
               +--------+--------+--------+--------+--------+-----+--------+

Top non-repeatable levels by time:
  Lair:4: 2011 daAuts
     D:4: 1474 daAuts
     D:3: 1437 daAuts
  Lair:5: 1436 daAuts
  Lair:2: 1279 daAuts
  Bailey: 1268 daAuts
  Lair:3: 1159 daAuts
     D:9: 1094 daAuts
     D:7: 1081 daAuts
     D:6: 957 daAuts
     D:5: 914 daAuts
     D:1: 907 daAuts
  Lair:1: 848 daAuts
     D:2: 754 daAuts
     D:8: 609 daAuts
